 Dungeon Crawl Stone Soup version 0.18.1-8-gdd0e5ea (webtiles) character file.

24 Gadfly the Vexing (level 2, 0/19 HPs)
             Began as a Vampire Enchanter on June 11, 2016.
             Was an Initiate of Nemelex Xobeh.
             Slain by a worm (7 damage)
             ... on level 2 of the Dungeon.
             The game lasted 00:06:05 (1511 turns).

Gadfly the Vexing (Vampire Enchanter)               Turns: 1511, Time: 00:06:06

Health: 0/19       AC:  5    Str:  7    XL:     2   Next: 79%
Magic:  5/5        EV: 13    Int: 17    God:    Nemelex Xobeh [......]
Gold:   62         SH:  0    Dex: 14    Spells: 1 memorised, 4 levels left

rFire  . . .     SeeInvis +     a - +1 dagger
rCold  + + .     Gourm    .     b - +1 robe
rNeg   + + +     Faith    .     (no shield)
rPois  +         Spirit   .     f - +1 helmet
rElec  .         Dismiss  .     (no cloak)
rCorr  .         Reflect  .     (no gloves)
SustAt .         Harm     .     (no boots)
MR     .....                    (no amulet)
Stlth  +++.......               (no ring)
                                (no ring)

@: regenerating slowly, not resistant to hostile enchantments, fairly stealthy
A: fangs 3, see invisible, unbreathing
a: Renounce Religion


You were on level 2 of the Dungeon.
You worshipped Nemelex Xobeh.
Nemelex Xobeh was noncommittal.
You were near bloodless.

You visited 1 branch of the dungeon, and saw 3 of its levels.

You collected 62 gold pieces.

Inventory:

Hand Weapons
 a - a +1 dagger (weapon)
Armour
 b - a +1 robe (worn)
 f - a +1 helmet (worn)
Scrolls
 k - 2 scrolls of fear {unknown}
Potions
 d - 9 potions of blood
 e - a potion of heal wounds {unknown}
 g - a potion of curing
 h - 3 potions of degeneration {unknown}
 i - a potion of magic {unknown}
 l - a potion of cure mutation {unknown}
Books
 c - a book of Maledictions

   Spells                             Type                      Level
   a - Corona                         Hexes                        1
   b - Ensorcelled Hibernation        Hexes/Ice                    2
   c - Confuse                        Hexes                        3
   d - Tukima's Dance                 Hexes                        3
   e - Dazzling Spray                 Conjuration/Hexes            3
Miscellaneous
 j - a plain deck of destruction


   Skills:
 + Level 1.2 Short Blades
 + Level 2.9 Dodging
 * Level 4.7 Stealth
 + Level 2.2 Spellcasting
 + Level 4.8 Hexes


You had 4 spell levels left.
You knew the following spells:

 Your Spells              Type           Power        Failure   Level  Hunger
a - Corona                Hex            ###....      2%          1    #......


Dungeon Overview and Level Annotations

Branches:
Dungeon (3/15)

Altars:
Fedhas
Nemelex Xobeh
Trog


Innate Abilities, Weirdness & Mutations

You heal slowly.
You have razor-sharp teeth.
You have supernaturally acute eyesight.
You can survive without breathing.


Message History

Found an escape hatch in the floor.
You see here 8 gold pieces.
The giant cockroach misses you.
Found 25 stones and 5 gold pieces.
There is an escape hatch in the ceiling here.
The giant cockroach barely misses you. A mysterious force pulls you upwards.
The hatch slams shut behind you.
A worm comes into view.
Found a bloodstained altar of Trog.
You hit the giant cockroach. You bite the giant cockroach.
The giant cockroach is severely wounded.
The giant cockroach barely misses you.
You hit the giant cockroach but do no damage.
The giant cockroach is severely wounded.
The giant cockroach misses you.
You hit the giant cockroach.
You kill the giant cockroach!
The worm bites you!
You die...
Your body disappears without a glow.

#. #.##
###..#######
...........
####........
.........#.#.
#......._..
#.w@†..#
......######
##.##


You could see a worm.

Vanquished Creatures
  4 bats (D:1)
  A giant cockroach (D:2)
  6 goblins
  4 hobgoblins (D:1)
  A kobold (D:1)
  2 giant newts (D:1)
  4 rats
  A fungus (D:3)
  A plant (D:3)
24 creatures vanquished.

Notes
Turn   | Place    | Note
--------------------------------------------------------------
     0 | D:1      | Gadfly the Vampire Enchanter began the quest for the Orb.
     0 | D:1      | Reached XP level 1. HP: 13/13 MP: 3/3
   516 | D:1      | Reached XP level 2. HP: 18/19 MP: 3/5
   812 | D:1      | Found a sparkling altar of Nemelex Xobeh.
   826 | D:1      | Became a worshipper of Nemelex Xobeh the Trickster
   940 | D:1      | Received a gift from Nemelex Xobeh
  1234 | D:2      | You fall through a shaft!
  1324 | D:3      | Found a blossoming altar of Fedhas.
  1508 | D:2      | Found a bloodstained altar of Trog.
  1511 | D:2      | Slain by a worm

Action                   || total
-------------------------++-------
Melee: Dagger            ||   227
       Bite              ||    31
 Cast: Corona            ||     8
  Use: Scroll            ||     2
 Stab: Sleeping          ||     3
Armor: Robe              ||    30
Dodge: Dodged            ||    92
